 Dungeon Crawl Stone Soup version 0.27.1-34-g3ba077fa99 (webtiles) character file.

Game seed: 6922377295405183655

191 Sharkman1231 the Cudgeller (level 5, -6/37 (39) HPs)
             Began as a Demonspawn Wanderer on Jan 16, 2022.
             Mangled by a wight (10 damage)
             ... on level 5 of the Dungeon.
             The game lasted 00:02:49 (3370 turns).

Sharkman1231 the Cudgeller (Demonspawn Wanderer)    Turns: 3370, Time: 00:02:49

HP:   -6/37 (39)    AC:  7    Str: 16    XL:     5   Next: 42%
MP:   0/5           EV: 10    Int: 11    God:
Gold: 194           SH:  0    Dex: 14    Spells: 4/4 levels left

rFire    . . .     SeeInvis .   a - +2 quarterstaff
rCold    . . .     Faith    .   (shield currently unavailable)
rNeg     + . .     Spirit   +   h - +0 scale mail
rPois    .         Reflect  .   (helmet restricted)
rElec    .         Harm     .   (no cloak)
rCorr    .         Rampage  .   (no gloves)
Will     .....                  b - +0 pair of boots
Stlth    +.........             m - amulet of guardian spirit
HPRegen  0.12/turn              g - ring of positive energy
MPRegen  0.09/turn              (no ring)

@: about to teleport, unable to read, drained
A: antennae 1, talons 2, foul stench 1, strong 1, inability to read while
threatened
a: no special abilities


You were on level 5 of the Dungeon.
You visited 1 branch of the dungeon, and saw 5 of its levels.

You collected 194 gold pieces.

Inventory:

Hand Weapons
 a - a +2 quarterstaff (weapon)
Armour
 b - a +0 pair of boots (worn)
 h - a +0 scale mail (worn)
Jewellery
 g - a ring of positive energy (left hand)
 m - an amulet of guardian spirit (around neck)
Scrolls
 e - a scroll of summoning
 j - 2 scrolls of amnesia
 l - a scroll of magic mapping
Potions
 d - a potion of might
 i - a potion of haste
 k - a potion of heal wounds


   Skills:
 + Level 2.7 Fighting
 - Level 3.6(3.8) Maces & Flails
 - Level 1.4(2.7) Staves
 - Level 1.0 Throwing
 - Level 1.0 Armour
 + Level 2.1 Dodging
 - Level 1.7 Stealth
 * Level 3.0 Unarmed Combat


You had 4 spell levels left.
You didn't know any spells.
Your spell library was empty.

Dungeon Overview and Level Annotations

Branches:
Dungeon (5/15)
 Temple: D:4-7

Altars:

Shops:
D:2 =

Annotations:
D:3 3 runed translucent doors, Lutefisk's ghost, amateur TrAM


Innate Abilities, Weirdness & Mutations

You have a pair of small antennae on your head.
You have razor-sharp toenails.
You may rarely emit foul miasma when damaged in melee.
Your muscles are strong. (Str +2)
You sometimes lose the ability to read scrolls when taking damage.


Message History

You start resting.
Magic restored.
You start resting.
HP restored.
You climb upwards.
The orc priest calls down the wrath of Beogh upon you.
Beogh smites you!
The orc wizard mumbles some strange words.
The orc wizard flickers and vanishes!
Deactivating autopickup; reactivate with Ctrl-A.
There is a stone staircase leading down here.
You climb downwards.
Reactivating autopickup.
There is a stone staircase leading up here.
Things that are here:
a +0 leather armour; a +0 war axe
There is a stone staircase leading up here.
Things that are here:
a +0 leather armour; a +0 war axe You start resting.
Magic restored.
You start resting.
HP restored.
You open the door. 3 wights come into view.
You closely miss the wight. You closely miss the wight.
You barely miss the wight. The wight hits you with a +4 battleaxe!
You partially resist.
You feel drained.
Unknown command.
As you read the scroll of teleportation, it crumbles to dust.
You feel strangely unstable. The wight hits you with a +4 battleaxe!
You feel threatened and lose the ability to read scrolls!
Unknown command.
There is a stone staircase leading up here.
Unknown command.
You hit the wight but do no damage. The wight hits you with a +4 battleaxe!
* * * LOW HITPOINT WARNING * * *
The wight hits you with a +4 battleaxe!
You die...

..#+
...#
.....
.8...
....
###..
##zz#
#.z.#
#@[##
####


You could see 3 wights.

Vanquished Creatures
  An orc priest (D:3)
  A jelly (D:4)
  3 adders
  4 worms
  2 dart slugs
  12 orcs
  11 endoplasms
  4 giant cockroaches
  5 goblins
  6 hobgoblins
  5 kobolds
  3 quokkas
  7 ball pythons
  4 bats
  5 frilled lizards
  6 rats
79 creatures vanquished.

Notes
Turn   | Place    | Note
-------+----------+-------------------------------------------
     0 | D:1      | Sharkman1231 the Demonspawn Wanderer began the quest for
                  | the Orb.
     0 | D:1      | Sharkman1231 set off with the following items: a +2
                  | quarterstaff, a +0 mace, a scroll of teleportation, a +0
                  | robe, a +0 dagger
     0 | D:1      | Reached XP level 1. HP: 15/15 MP: 1/1
   190 | D:1      | Gained mutation: You have a pair of small antennae on your
                  | head. [demonic ancestry]
   190 | D:1      | Reached XP level 2. HP: 21/21 MP: 2/2
   843 | D:1      | Reached skill level 1 in Unarmed Combat
   978 | D:1      | Gained mutation: You sometimes lose the ability to read
                  | scrolls when taking damage. [potion of mutation]
   978 | D:1      | Gained mutation: Your muscles are strong. (Str +2) [potion
                  | of mutation]
  1092 | D:1      | Reached skill level 1 in Dodging
  1092 | D:1      | Gained mutation: You have sharp toenails. [demonic
                  | ancestry]
  1092 | D:1      | Reached XP level 3. HP: 26/26 MP: 3/3
  1279 | D:2      | Found Jeilet's Jewellery Shoppe.
  1678 | D:2      | Found a faded altar of an unknown god.
  1772 | D:2      | Gained mutation: You have razor-sharp toenails. [demonic
                  | ancestry]
  1772 | D:2      | Reached XP level 4. HP: 28/33 MP: 4/4
  2286 | D:3      | Found a runed translucent gate.
  2288 | D:3      | Noticed Lutefisk's ghost (amateur TrAM)
  2289 | D:3      | Found a runed translucent gate.
  2290 | D:3      | Found a runed translucent gate.
  2670 | D:3      | Gained mutation: You may rarely emit foul miasma when
                  | damaged in melee. [demonic ancestry]
  2670 | D:3      | Reached XP level 5. HP: 39/39 MP: 5/5
  3154 | D:4      | Noticed a black bear
  3169 | D:5      | Entered Level 5 of the Dungeon
  3370 | D:5      | Mangled by a wight

Illustrated notes

Levels and vault maps discovered:
D:1:      lightli_arrival_flooded_house, layout_loops_ring
D:2:      layout_rooms, dreamdust_ecumenical_altar_grove, serial_shops,
          nicolae_shop_waterfront
D:3:      layout_loops_ring, ebering_ghost_rock_garden,
          hangedman_decor_slide_cut, eino_tiny_chamber,
          kennysheep_generic_room_11
D:4:      layout_gridville
D:5:      layout_layer_cave, minmay_temple_entry_grid, serial_shops, shop,
          grunt_ministairs_6, minmay_bent, uniq_duvessa, uniq_pikel,
          uniq_prince_ribbit1

Skill      XL: |  1  2  3  4  5 |
---------------+----------------+-----
Unarmed Combat | 1 2 3 |  3.0
Dodging        | 1 2 |  2.1
Fighting       | 2 |  2.7
Maces & Flails | |  3.6
Staves         | |  1.4
Throwing       | |  1.0
Armour         | |  1.0
Stealth        | |  1.7

Action                   |  1- 3 |  4- 6 || total
-------------------------+-------+-------++-------
Melee: Quarterstaff      |   117 |    97 ||   214
  Use: Scroll            |     4 |     5 ||     9
       Potion            |     1 |       ||     1
 Stab: Sleeping          |     5 |       ||     5
Armor: Robe              |    10 |       ||    10
       Scale mail        |    30 |    34 ||    64
Dodge: Dodged            |    52 |    38 ||    90
